 Dungeon Crawl Stone Soup version 0.26-a0-651-gb41185065b (webtiles) character file.

Game seed: 9744225976170631168

8098 looop the Grappler (level 11, -1/87 HPs)
             Began as a Demonspawn Fighter on Sept 29, 2020.
             Was a Believer of Ru.
             Slain by a polar bear (5 damage)
             ... in an ice cave.
             The game lasted 00:15:56 (14195 turns).

looop the Grappler (Demonspawn Fighter)            Turns: 14195, Time: 00:15:57

Health: -1/87      AC: 14    Str: 30    XL:     11   Next: 5%
Magic:  0/11       EV: 10    Int: 12    God:    Ru [**....]
Gold:   824        SH: 12    Dex: 12    Spells: 10/10 levels left

rFire    . . .     SeeInvis .     - Unarmed
rCold    . . .     Faith    .   b - +0 kite shield
rNeg     + . .     Spirit   +   O - +0 chain mail {rN+}
rPois    .         Reflect  .   w - +0 helmet
rElec    .         Harm     .   M - +0 cloak
rCorr    .         Rampage  .   (no gloves)
MR       .....                  S - +0 pair of boots
Stlth    ..........             L - amulet of magic regeneration
HPRegen  0.24/turn              j - +6 ring of strength
MPRegen  0.49/turn              R - +6 ring of strength

@: studying Shields
A: molten scales 2, powered by death 1, magic shield, magic regeneration, no
stealth, inability to train armour
a: Renounce Religion


You were in an ice cave.
You worshipped Ru.
Ru was pleased with you.
You visited 1 branch of the dungeon, and saw 12 of its levels.
You also visited: Sewer, Bailey and Ice Cave.

You collected 824 gold pieces.

Inventory:

Missiles
 f - a throwing net
 q - 14 boomerangs
 t - 20 poisoned darts (quivered)
Armour
 b - a +0 kite shield (worn)
 w - a +0 helmet (worn)
 M - a +0 cloak (worn)
 O - a +0 chain mail of positive energy (worn)
 S - a +0 pair of boots (worn)
Jewellery
 j - a +6 ring of strength (left hand)
 x - an uncursed ring of fire
 D - an uncursed ring of wizardry
 J - an uncursed ring of resist corrosion
 L - an amulet of magic regeneration (around neck)
 R - a +6 ring of strength (right hand)
Wands
 a - a wand of polymorph (10)
 c - a wand of flame (35)
 C - a wand of digging (8)
 E - a wand of acid (21)
 I - a wand of paralysis (15)
 P - a wand of random effects (6)
 X - a wand of disintegration (18)
Scrolls
 d - 2 scrolls of immolation
 g - 6 scrolls of enchant armour {unknown}
 h - 4 scrolls of remove curse
 l - 8 scrolls of teleportation
 n - 5 scrolls of enchant weapon {unknown}
 r - 2 scrolls of blinking {unknown}
 s - 3 scrolls of fear
 u - 4 scrolls of magic mapping {unknown}
 y - 4 scrolls of random uselessness {unknown}
 G - 2 scrolls of amnesia
 N - a scroll of holy word {unknown}
 V - a scroll of brand weapon {unknown}
 W - a scroll of identify
Potions
 e - 5 potions of stabbing
 i - 3 potions of ambrosia
 k - 3 potions of lignification
 m - a potion of resistance {unknown}
 o - a potion of cancellation {unknown}
 p - 8 potions of heal wounds {unknown}
 v - 6 potions of flight
 z - 3 potions of haste {unknown}
 A - a potion of berserk rage {unknown}
 B - 5 potions of might
 F - 3 potions of magic {unknown}
 H - 9 potions of curing {unknown}
 K - a potion of brilliance {unknown}
 T - a potion of degeneration {unknown}
 U - a potion of mutation {unknown}
 Y - a potion of invisibility {unknown}
Books
 Q - a manual of Shields


   Skills:
 - Level 8.9 Fighting
 + Level 5.9 Dodging
 + Level 8.6 Shields
 - Level 10.9 Unarmed Combat


You had 10 spell levels left.
You didn't know any spells.
Your spell library contained the following spells:

 Spells                   Type           Power        Failure   Level
 Confusing Touch          Hex            #.......     100%        3
 Gell's Gravitas          Tloc           #.........   100%        3
 Petrify                  Tmut/Erth      #.......     100%        4
 Bolt of Magma            Conj/Fire/Erth #.........   100%        5
 Iskenderun's Battlesphe  Conj           #.......     100%        5
 Metabolic Englaciation   Hex/Ice        #.........   100%        5
 Yara's Violent Unravell  Hex/Tmut       #.........   100%        5
 Iron Shot                Conj/Erth      #.........   100%        6
 Orb of Destruction       Conj           #.........   100%        7
 Spellforged Servitor     Conj/Summ      #.........   100%        7


Dungeon Overview and Level Annotations

Branches:
Dungeon (12/15)            Temple (0/1) D:6            Lair (0/6) D:11
  Sewer (visited)          Bailey (visited)           IceCv (1/1)
    Orc: D:9-12

Altars:
Dithmenos
Hepliaklqana
Nemelex Xobeh
Okawaru
Ru
Zin
The Shining One

Shops:
D:11 (

Annotations:
D:2 Sigmund


Innate Abilities, Weirdness & Mutations

You are mostly covered in molten scales. (AC +3)
You regenerate a little health from kills.
When hurt, damage is shared between your health and your magic reserves.
You regenerate magic rapidly.
You cannot be stealthy.
You cannot train Armour skill.


Message History

The polar bear goes berserk!
Your shield and chain mail prevent you from hitting the polar bear.
The polar bear is almost dead.
The polar bear bites you!
* * * LOW HITPOINT WARNING * * *
You focus your will and illuminate the polar bear in retribution!
The polar bear closely misses you. The polar bear claws you.
* * * LOW HITPOINT WARNING * * *
You block the polar bear's attack.
The polar bear claws you but does no damage.
You block the polar bear's attack.
You hit the polar bear.
The polar bear is almost dead.
The polar bear bites you!!
* * * LOW HITPOINT WARNING * * *
You block the polar bear's attack. x2
You hit the polar bear but do no damage.
The polar bear is almost dead.
The polar bear bites you!
You die...

## ########
#..##@##...##
#.h#..#...#
#...#####...#
###. #...# ..
##..## ..#
#...# #.#
##..# .. #..#
... #..##


You could see a polar bear (berserk, corona).

Vanquished Creatures
  A death yak (IceCv)
  An unseen horror (D:12)
  A gargoyle (D:11)
  A hornet (D:8)
  A polar bear (IceCv)
  A troll (D:11)
  4 hippogriffs
  A shadow (D:11)
  5 yaks (IceCv)
  Edmund (D:4)
  A soldier ant (D:11)
  A hornet zombie (D:9)
  2 orc warriors
  4 ice beasts
  3 sky beasts
  3 wolves (IceCv)
  5 ogres
  A phantom (D:9)
  5 centaurs
  2 big kobolds
  Blork the orc (D:4)
  3 bullfrogs
  A wyvern zombie (D:9)
  9 killer bees
  5 hounds
  3 jellies
  10 orc wizards
  An orc priest (D:6)
  A bullfrog skeleton (D:4)
  An iguana (D:9)
  A centaur skeleton (D:7)
  Natasha (thrice) (D:4)
  5 worker ants
  A killer bee zombie (D:9)
  A hound zombie (D:8)
  2 hound skeletons
  A worker ant zombie (D:9)
  2 howler monkey zombies
  15 adders
  3 gnolls (D:7)
  5 river rats (Sewer)
  A shadow imp (D:9)
  14 white imps
  2 ufetubi
  An adder skeleton (D:8)
  4 worms
  3 dart slugs
  5 leopard geckos
  18 orcs
  8 giant cockroaches
  12 goblins
  7 hobgoblins
  10 jackals
  5 quokkas
  9 ball pythons
  3 bats
  6 frilled lizards
  31 kobolds
  A leopard gecko zombie (D:7)
  A quokka skeleton (D:5)
  28 rats
287 creatures vanquished.

Vanquished Creatures (others)
  A killer bee (D:7)
1 creature vanquished.

Grand Total: 288 creatures vanquished

Notes
Turn   | Place    | Note
-------+----------+-------------------------------------------
     0 | D:1      | looop the Demonspawn Fighter began the quest for the Orb.
     0 | D:1      | Reached XP level 1. HP: 18/18 MP: 1/1
   121 | D:1      | Reached skill level 2 in Unarmed Combat
   364 | D:1      | Gained mutation: You are partially covered in molten
                  | scales. (AC +2) [demonic ancestry]
   364 | D:1      | Reached XP level 2. HP: 21/24 MP: 2/2
   742 | D:1      | Gained mutation: When hurt, damage is shared between your
                  | health and your magic reserves. [demonic ancestry]
   742 | D:1      | Reached XP level 3. HP: 29/29 MP: 3/3
  1113 | D:2      | Reached skill level 3 in Unarmed Combat
  1659 | D:2      | Reached XP level 4. HP: 36/37 MP: 4/4
  2000 | D:2      | Noticed Sigmund
  2643 | D:3      | Found a sacrificial altar of Ru.
  2659 | D:3      | Reached skill level 4 in Unarmed Combat
  2659 | D:3      | Gained mutation: You are mostly covered in molten scales.
                  | (AC +3) [demonic ancestry]
  2659 | D:3      | Reached XP level 5. HP: 42/42 MP: 5/5
  2668 | D:3      | Became a worshipper of Ru the Awakened
  3110 | D:3      | Noticed an ogre
  3124 | D:3      | Killed an ogre
  3237 | D:4      | Noticed Blork the orc
  3261 | D:4      | Killed Blork the orc
  3261 | D:4      | Reached skill level 5 in Unarmed Combat
  3261 | D:4      | Reached XP level 6. HP: 13/49 MP: 2/6
  3751 | D:4      | Noticed Natasha
  3783 | D:4      | Killed Natasha
  3981 | D:4      | Reached skill level 5 in Fighting
  4025 | D:4      | Noticed Natasha
  4031 | D:4      | Killed Natasha
  4090 | D:4      | Noticed Edmund
  4128 | D:4      | Killed Edmund
  4128 | D:4      | Gained mutation: You regenerate magic rapidly. [demonic
                  | ancestry]
  4128 | D:4      | Reached XP level 7. HP: 26/56 MP: 4/7
  4145 | D:4      | Reached skill level 6 in Unarmed Combat
  4504 | D:4      | Noticed Natasha
  4516 | D:4      | Killed Natasha
  4791 | D:5      | Entered Level 5 of the Dungeon
  4795 | D:5      | Gained mutation: You cannot be stealthy. [Ru sacrifice]
  5166 | D:5      | Found a glowing golden altar of the Shining One.
  5259 | D:5      | Got a brightly glowing morningstar
  5260 | D:5      | Identified the +4 morningstar of Jeigivis {vorpal, +Fly
                  | rPois rC+ Int-3} (You found it on level 5 of the Dungeon)
  5482 | D:5      | HP: 2/57 [ice beast (12)]
  5895 | D:5      | Reached skill level 7 in Unarmed Combat
  5895 | D:5      | Reached XP level 8. HP: 41/64 MP: 5/8
  6380 | D:6      | Found a staircase to the Ecumenical Temple.
  6501 | D:6      | Found a glowing drain.
  6529 | Sewer    | Entered a sewer
  7174 | D:6      | Reached skill level 8 in Unarmed Combat
  7228 | D:6      | Gained mutation: You cannot train Armour skill. [Ru
                  | sacrifice]
  7228 | D:6      | Reached * piety under Ru
  7228 | D:6      | Reached ** piety under Ru
  7555 | D:7      | Found an iron altar of Okawaru.
  7759 | D:7      | Noticed a hippogriff
  7773 | D:7      | Killed a hippogriff
  7946 | D:7      | Found a flagged portal.
  7973 | Bailey   | Entered a bailey
  8025 | Bailey   | Noticed an orc knight
  8271 | D:7      | Reached skill level 9 in Unarmed Combat
  8271 | D:7      | Reached XP level 9. HP: 43/72 MP: 9/9
  8850 | D:8      | Paralysed by a hornet for 2 turns
  9671 | D:8      | Reached skill level 10 in Unarmed Combat
 10350 | D:8      | Found a glowing silver altar of Zin.
 11002 | D:9      | Got a jewelled leather armour
 11017 | D:9      | Identified the +1 leather armour "Jeis" {rN+ MR+} (You
                  | found it on level 9 of the Dungeon)
 11114 | D:9      | Gained mutation: You regenerate a little health from kills.
                  | [demonic ancestry]
 11114 | D:9      | Reached XP level 10. HP: 53/82 MP: 8/10
 11326 | D:9      | Found a sparkling altar of Nemelex Xobeh.
 11620 | D:9      | Found a hazy altar of Hepliaklqana.
 11625 | D:9      | Found a shadowy altar of Dithmenos.
 11627 | D:9      | Reached skill level 1 in Dodging
 12058 | D:10     | Entered Level 10 of the Dungeon
 12395 | D:10     | Identified a scroll of acquirement
 12396 | D:10     | Acquired a manual of Shields
 13216 | D:11     | Found Sicuameg's Antique Weapon Shop.
 13217 | D:11     | Noticed a gargoyle
 13232 | D:11     | Killed a gargoyle
 13306 | D:11     | Reached skill level 5 in Shields
 13574 | D:11     | Found a staircase to the Lair.
 13931 | D:12     | Found a frozen archway.
 13966 | D:12     | Killed an unseen horror
 13972 | IceCv    | Entered an ice cave
 14095 | IceCv    | Reached skill level 5 in Dodging
 14106 | IceCv    | Noticed a death yak
 14137 | IceCv    | Killed a death yak
 14158 | IceCv    | Reached XP level 11. HP: 38/87 MP: 11/11
 14194 | IceCv    | HP: 4/87 [polar bear (15)]
 14195 | IceCv    | Slain by a polar bear

Illustrated notes

Levels and vault maps discovered:
D:1:      psy_arrival_whirlpool, layout_basic
D:2:      kb_forest_paths, layout_basic, uniq_sigmund
D:3:      layout_basic, nicolae_ru_great_annihilating_truth,
          minmay_ogre_servants
D:4:      layout_loops_corners, uniq_grinder, uniq_edmund, uniq_natasha,
          uniq_blork_the_orc
D:5:      layout_layer_cave, basic_altar
D:6:      layout_loops_ring, minmay_temple_entry_hall,
          cheibrodos_sewer_entry_drain, kennysheep_boxes
D:7:      layout_basic, enter_bailey_2, basic_altar
D:8:      layout_loops_corners, zin_statuary, kennysheep_generic_room_10
D:9:      layout_loops_cross, riverfiend_overflow_shadow_ancestor,
          grunt_decor_clamped, nemelex_spade_bored_becter
D:10:     layout_roguey
D:11:     layout_basic, lair_entry_dummy, serial_shops, nicolae_shop_crystal
D:12:     minmay_the_grid_octo_2x2 [minmay_the_grid_octo_clover,
          minmay_the_grid_octo_concentric, minmay_the_grid_octo_fan_narrow,
          minmay_the_grid_octo_prize_star], layout_loops_ring,
          portal_ice_cave_entry_imps, uniq_azrael
IceCv:    ice_cave_caverns_01

Skill      XL: |  1  2  3  4  5  6  7  8  9 10 |
---------------+-------------------------------+-----
Unarmed Combat | 2 3 4 5 7 9 10 | 10.9
Fighting       | 4 5 6 7 8 |  8.9
Armour         | 0 |  0.0
Dodging        | 5 |  5.9
Shields        | 8 |  8.6

Action                   |  1- 3 |  4- 6 |  7- 9 | 10-12 || total
-------------------------+-------+-------+-------+-------++-------
Melee: Unarmed           |   218 |   219 |   552 |   275 ||  1264
Throw: Boomerang         |       |     1 |     3 |       ||     4
       Dart              |       |       |    14 |     4 ||    18
       Throwing net      |       |       |     1 |       ||     1
Invok: Sacrifice Stealth |       |       |     1 |       ||     1
       Sacrifice Durabil |       |       |     1 |       ||     1
       Reject Sacrifices |       |       |     1 |       ||     1
Evoke: Wand              |       |       |     2 |       ||     2
  Use: Scroll            |       |     4 |     4 |     3 ||    11
       Potion            |       |     1 |       |       ||     1
 Stab: Paralysed         |       |     1 |       |       ||     1
       Distracted        |       |       |     1 |       ||     1
Armor: Scale mail        |   100 |    70 |   195 |       ||   365
       Chain mail        |       |       |    70 |    88 ||   158
Dodge: Dodged            |    62 |    52 |   141 |    62 ||   317
Block: Kite shield       |   106 |    71 |   317 |   118 ||   612

Table legend: (Time is in decaauts)
 A = Elapsed time spent in this place.
 B = Non-inter-level travel time spent in this place.
 C = Inter-level travel time spent in this place.
 D = Time resting spent in this place.
 E = Time spent auto-exploring this place.
 F = Levels seen in this place.
 G = Mean time per level.
                   A        B        C        D        E       F      G
               +--------+--------+--------+--------+--------+-----+--------+
         Total |  14155 |  13580 |    575 |   1067 |  10017 |  15 |  943.7 |
       Dungeon |  13173 |  12598 |    575 |   1067 |   9508 |  12 | 1097.8 |
         Sewer |    605 |    605 |      0 |      0 |    396 |   1 |  605.0 |
        Bailey |    168 |    168 |      0 |      0 |      5 |   1 |  168.0 |
      Ice Cave |    207 |    207 |      0 |      0 |    108 |   1 |  207.0 |
               +--------+--------+--------+--------+--------+-----+--------+

Top non-repeatable levels by time:
     D:8: 1875 daAuts
     D:4: 1626 daAuts
     D:5: 1437 daAuts
     D:2: 1369 daAuts
     D:9: 1190 daAuts
     D:7: 1153 daAuts
     D:1: 986 daAuts
    D:11: 959 daAuts
     D:3: 846 daAuts
     D:6: 789 daAuts
    D:10: 762 daAuts
   Sewer: 605 daAuts
   IceCv: 207 daAuts
    D:12: 175 daAuts
  Bailey: 168 daAuts
